[Event "ICCopen2017"]
[Site "Internet Chess Club"]
[Date "2017.03.19"]
[Round "11"]
[White "manest"]
[Black "manneredmonkey"]
[Result "1-0"]
[ICCResult "Black resigns"]
[WhiteElo "2763"]
[BlackElo "1792"]
[Opening "Pirc defense"]
[ECO "B07"]
[NIC "PU.08"]
[Time "21:14:27"]
[TimeControl "180+0"]

1. e4 d6 2. d4 Nf6 3. Bd3 e5 4. c3 Nc6 5. Nf3 g6 6. O-O Bg7 7. Nbd2 O-O 8.
Re1 Bg4 9. h3 Bxf3 10. Nxf3 exd4 11. cxd4 Re8 12. a3 Qd7 13. Bc2 a6 14. Bf4
Rad8 15. Rc1 Qc8 16. Qd3 d5 17. e5 Ne4 18. Ng5 Nxg5 19. Bxg5 Rd7 20. f4 h6
21. Bh4 Ne7 22. g4 c5 23. dxc5 Qxc5+ 24. Bf2 Qa5 25. f5 Nc6 26. f6 Bf8 27.
e6 {Black resigns} 1-0

[Event "ICCopen2017"]
[Site "Internet Chess Club"]
[Date "2017.03.19"]
[Round "11"]
[White "Red-white"]
[Black "nurmi"]
[Result "1-0"]
[ICCResult "Black resigns"]
[WhiteElo "3005"]
[BlackElo "2305"]
[Opening "Queen's pawn game"]
[ECO "D02"]
[NIC "QP.08"]
[Time "21:14:08"]
[TimeControl "180+0"]

1. d4 d5 2. Nf3 Bf5 3. c4 e6 4. Nc3 Nf6 5. cxd5 exd5 6. Bg5 c6 7. e3 Nbd7 8.
Bd3 Bxd3 9. Qxd3 h6 10. Bh4 Bd6 11. O-O O-O 12. Rab1 a5 13. a3 Qc7 14. b4
axb4 15. axb4 Rfe8 16. Rfc1 Ra3 17. Qc2 Qd8 18. b5 Nb6 19. bxc6 bxc6 20.
Bxf6 Qxf6 21. Rxb6 {Black resigns} 1-0

[Event "ICCopen2017"]
[Site "Internet Chess Club"]
[Date "2017.03.19"]
[Round "11"]
[White "RnZ"]
[Black "ehkopean"]
[Result "1-0"]
[ICCResult "Black resigns"]
[WhiteElo "1993"]
[BlackElo "1764"]
[Opening "French: Fort Knox variation"]
[ECO "C10"]
[NIC "FR.07"]
[Time "21:14:20"]
[TimeControl "180+0"]

1. e4 e6 2. d4 d5 3. Nc3 dxe4 4. Nxe4 Bd7 5. Nf3 Bc6 6. Bd3 Nd7 7. O-O Ngf6
8. Qe2 Nxe4 9. Bxe4 Bxe4 10. Qxe4 c6 11. Bg5 Be7 12. Bxe7 Qxe7 13. a3 Nf6
14. Qf4 Rd8 15. c4 O-O 16. Rac1 b6 17. Rfe1 Qd6 18. Qxd6 Rxd6 19. c5 bxc5
20. Rxc5 Rfd8 21. Rec1 Rc8 22. Ne5 Ne4 23. Rxc6 Rcxc6 24. Rxc6 Rxc6 25. Nxc6
a6 26. a4 Kf8 27. Nb4 {Black resigns} 1-0

[Event "ICCopen2017"]
[Site "Internet Chess Club"]
[Date "2017.03.19"]
[Round "11"]
[White "GYMEJR"]
[Black "lion100"]
[Result "1-0"]
[ICCResult "Black resigns"]
[WhiteElo "1592"]
[BlackElo "1398"]
[Opening "Queen's pawn, Mason variation"]
[ECO "D00"]
[NIC "QP.08"]
[Time "21:15:10"]
[TimeControl "180+0"]

1. d4 d5 2. Bf4 Nf6 3. e3 e6 4. Nf3 Bd6 5. Bg5 O-O 6. Ne5 Nbd7 7. f4 c5 8.
c3 Be7 9. Nd2 a6 10. Bd3 b5 11. Nc6 Qe8 12. Nxe7+ Qxe7 13. Nf3 Qd6 14. Ne5
Rb8 15. O-O a5 16. Qf3 b4 17. Qh3 g6 18. Qh6 Ne4 19. Nxd7 Bxd7 20. Bxe4 dxe4
21. Bf6 {Black resigns} 1-0

[Event "ICCopen2017"]
[Site "Internet Chess Club"]
[Date "2017.03.19"]
[Round "11"]
[White "Pschaak"]
[Black "eltigrecu"]
[Result "1-0"]
[ICCResult "Black checkmated"]
[WhiteElo "1783"]
[BlackElo "1915"]
[Opening "Queen's bishop game"]
[ECO "D02"]
[NIC "QP.08"]
[Time "21:13:52"]
[TimeControl "180+0"]

1. d4 d5 2. Nf3 Nf6 3. Bf4 Bg4 4. e3 c6 5. c3 Nbd7 6. Nbd2 e6 7. h3 Bf5 8.
Qb3 Qb6 9. Ne5 Nxe5 10. Bxe5 Be7 11. Be2 O-O 12. O-O Nd7 13. Bg3 h6 14. Rac1
Nf6 15. Be5 Ne4 16. Nxe4 Bxe4 17. f3 Bg6 18. Bg3 c5 19. Qxb6 axb6 20. a3
Rfc8 21. Rfd1 Bg5 22. Bf2 Ra5 23. f4 Bf6 24. Kf1 c4 25. Rd2 Rb5 26. Bf3 Bd3+
27. Be2 Bg6 28. Bf3 Ra8 29. Re1 Rb3 30. e4 Ra5 31. g4 Rab5 32. f5 exf5 33.
exf5 Bh7 34. Re8# {Black checkmated} 1-0

[Event "ICCopen2017"]
[Site "Internet Chess Club"]
[Date "2017.03.19"]
[Round "11"]
[White "giovana64"]
[Black "croder"]
[Result "1-0"]
[ICCResult "Black checkmated"]
[WhiteElo "1545"]
[BlackElo "1550"]
[Opening "QGD semi-Slav"]
[ECO "D43"]
[NIC "SL.06"]
[Time "21:15:14"]
[TimeControl "180+0"]

1. d4 d5 2. c4 e6 3. Nc3 c6 4. Nf3 Nf6 5. Bg5 Be7 6. e3 O-O 7. Qc2 Nbd7 8.
O-O-O Re8 9. Kb1 Nf8 10. h4 a6 11. Ne5 Bd7 12. g4 b5 13. c5 a5 14. Bd3 h6
15. Bxf6 Bxf6 16. Nxd7 Qxd7 17. g5 Be7 18. gxh6 g6 19. h5 e5 20. hxg6 e4 21.
h7+ Kh8 22. g7+ Kxg7 23. h8=Q+ Kg6 24. Rdg1+ Bg5 25. Nxe4 dxe4 26. Bxe4+
Rxe4 27. Qxe4+ Qf5 28. Qg8+ Kf6 29. Qxf5+ Kxf5 30. Qxf7+ Bf6 31. Rh5+ Ke4
32. Qxf6 Nd7 33. Qf5# {Black checkmated} 1-0

[Event "ICCopen2017"]
[Site "Internet Chess Club"]
[Date "2017.03.19"]
[Round "11"]
[White "ajam"]
[Black "ComeonJimtal"]
[Result "1-0"]
[ICCResult "Black resigns"]
[WhiteElo "1884"]
[BlackElo "1700"]
[Opening "Nimzo-Indian: classical variation"]
[ECO "E32"]
[NIC "NI.24"]
[Time "21:14:34"]
[TimeControl "180+0"]

1. c4 e6 2. Nc3 Nf6 3. d4 Bb4 4. Qc2 Bxc3+ 5. Qxc3 Ne4 6. Qc2 f5 7. Nf3 b6
8. Bf4 d6 9. e3 Bb7 10. Bd3 Nd7 11. O-O O-O 12. Nd2 g5 13. Bg3 Nxd2 14. Qxd2
e5 15. f3 f4 16. Bf2 Qf6 17. d5 g4 18. fxg4 f3 19. Bg3 Nc5 20. Rxf3 Qh6 21.
Raf1 Rxf3 22. gxf3 Rf8 23. Bf5 Qg7 24. e4 Bc8 25. Kh1 Bxf5 26. gxf5 Nd7 27.
Rg1 Kh8 28. Bh4 Qf7 29. Qh6 Rg8 30. Rxg8+ Kxg8 31. f6 Nf8 32. Qg5+ Qg6 33.
h3 Qxg5 34. Bxg5 Kf7 35. Kh2 Ng6 36. Kg3 h6 37. Bxh6 Kxf6 38. h4 a5 39. Kg4
a4 40. h5 Nh8 41. Bg5+ Kg7 42. Kf5 Nf7 43. Be3 Kh7 44. Ke6 Kg7 45. Kd7 Kf6
46. Kxc7 Ke7 47. Kxb6 Kd7 48. c5 dxc5 49. Kxc5 Nd6 50. h6 Nf7 51. d6 Ke6 52.
Kc6 Nd8+ 53. Kc7 Nf7 54. d7 Ke7 55. Bg5+ Nxg5 56. d8=Q+ {Black resigns} 1-0

[Event "ICCopen2017"]
[Site "Internet Chess Club"]
[Date "2017.03.19"]
[Round "11"]
[White "Speirs"]
[Black "juandeperea"]
[Result "1-0"]
[ICCResult "Black resigns"]
[WhiteElo "1806"]
[BlackElo "1863"]
[Opening "Benkö gambit"]
[ECO "A57"]
[NIC "BI.46"]
[Time "21:14:01"]
[TimeControl "180+0"]

1. d4 Nf6 2. c4 c5 3. d5 b5 4. Qc2 b4 5. e4 d6 6. f4 g6 7. Nf3 Nbd7 8. a3
bxa3 9. Rxa3 Bg7 10. Bd3 O-O 11. O-O e5 12. fxe5 Nxe5 13. Nxe5 dxe5 14. Bg5
h6 15. Bh4 g5 16. Bf2 Ne8 17. Bxc5 Nd6 18. Nd2 Re8 19. Be2 Bb7 20. Bh5 Rf8
21. Bxd6 Qxd6 22. c5 Qc7 23. b4 Bc8 24. Nc4 Rb8 25. Qc3 f5 26. Nd6 fxe4 27.
Nxe4 Bf5 28. Nd6 Bh7 29. Qc4 Kh8 30. Nf7+ Rxf7 31. Rxf7 Qd8 32. Raxa7
{Black resigns}
1-0

[Event "ICCopen2017"]
[Site "Internet Chess Club"]
[Date "2017.03.19"]
[Round "11"]
[White "hamlet"]
[Black "DaveyJones"]
[Result "1-0"]
[ICCResult "Black resigns"]
[WhiteElo "1654"]
[BlackElo "1489"]
[Opening "Dutch defense"]
[ECO "A84"]
[NIC "HD.10"]
[Time "21:14:26"]
[TimeControl "180+0"]

1. d4 f5 2. c4 Nf6 3. Nf3 g6 4. e3 Bg7 5. Be2 d6 6. O-O O-O 7. Nc3 Qe8 8. a3
e5 9. b4 e4 10. Nd2 c6 11. Bb2 Be6 12. Rb1 Nbd7 13. c5 d5 14. b5 g5 15. bxc6
bxc6 16. Nb3 f4 17. Na5 Rc8 18. Qa4 f3 19. gxf3 exf3 20. Bxf3 Bh3 21. Rfe1
g4 22. Bh1 Ne4 23. Nxe4 dxe4 24. Nxc6 Qf7 25. Re2 Qf5 26. Ne7+ Kh8 27. Nxf5
Rxf5 28. Qxd7 Rcf8 29. d5 Bxb2 30. Rbxb2 h5 31. Rb7 R5f7 32. Qxf7 Rxf7 33.
Rxf7 {Black resigns} 1-0

[Event "ICCopen2017"]
[Site "Internet Chess Club"]
[Date "2017.03.19"]
[Round "11"]
[White "rovov"]
[Black "Osinger"]
[Result "0-1"]
[ICCResult "White resigns"]
[WhiteElo "1743"]
[BlackElo "1634"]
[Opening "Réti opening"]
[ECO "A30"]
[NIC "QP.10"]
[Time "21:14:20"]
[TimeControl "180+0"]

1. Nf3 c5 2. c4 e6 3. Nc3 a6 4. g3 Be7 5. Bg2 h5 6. O-O h4 7. d4 h3 8. Bh1
cxd4 9. Nxd4 Nc6 10. b3 Nf6 11. Bb2 Ne5 12. Nf3 Neg4 13. Qd3 d6 14. Rfd1 Bd7
15. Rac1 Bc6 16. Ng5 Bxh1 17. f3 Bg2 18. fxg4 Nxg4 19. Nf3 d5 20. cxd5 Bc5+
21. Nd4 Qf6 22. Ne4 Bxe4 23. Rf1 Qxf1+ 24. Rxf1 Bxd3 25. exd3 e5 26. Re1
O-O-O 27. Re4 f5 28. Rxe5 Nxe5 29. Kf1 Nxd3 30. Bc3 Rxd5 {White resigns} 0-1

[Event "ICCopen2017"]
[Site "Internet Chess Club"]
[Date "2017.03.19"]
[Round "11"]
[White "cloak1"]
[Black "carpedef"]
[Result "1-0"]
[ICCResult "Black resigns"]
[WhiteElo "1859"]
[BlackElo "1706"]
[Opening "Sicilian: closed"]
[ECO "B23"]
[NIC "SI.44"]
[Time "21:14:22"]
[TimeControl "180+0"]

1. e4 c5 2. Nc3 e6 3. f4 a6 4. a4 b6 5. e5 d6 6. Nf3 Bb7 7. Be2 Nc6 8. O-O
Qc7 9. exd6 Bxd6 10. d3 Nf6 11. Ne4 Bxf4 12. Bxf4 Qxf4 13. Kh1 Qc7 14. Nfg5
Nxe4 15. Nxe4 O-O 16. Qe1 Nd4 17. Bd1 f5 18. Ng3 Rae8 19. c3 Nc6 20. Bb3 Nd8
21. Nxf5 Kh8 22. Ng3 Qc6 23. Ne4 Nf7 24. Qg3 Nh6 25. Rf3 Nf5 26. Qf2 Qd6 27.
Nxd6 {Black resigns} 1-0

[Event "ICCopen2017"]
[Site "Internet Chess Club"]
[Date "2017.03.19"]
[Round "11"]
[White "manitodeplomo"]
[Black "BestMate"]
[Result "1-0"]
[ICCResult "Black resigns"]
[WhiteElo "2540"]
[BlackElo "2080"]
[Opening "QGD: Chigorin defense"]
[ECO "D07"]
[NIC "EO.64"]
[Time "21:14:17"]
[TimeControl "180+0"]

1. c4 Nc6 2. d4 d5 3. Nc3 Nf6 4. Nf3 Bg4 5. cxd5 Nxd5 6. e4 Nxc3 7. bxc3 e6
8. Rb1 Be7 9. Rxb7 O-O 10. Qa4 Nb8 11. Ne5 Bh5 12. g4 Bg6 13. Bg2 c5 14. O-O
cxd4 15. cxd4 Bh4 16. Be3 Qe8 17. Qxe8 Rxe8 18. f4 f6 19. Nxg6 hxg6 20. Rc1
Na6 21. Bf1 Rac8 22. Rxc8 Rxc8 23. Bxa6 Rc2 24. d5 exd5 25. exd5 Rxa2 26. d6
Ra3 27. d7 Rxe3 28. d8=Q+ Kh7 29. Qf8 {Black resigns} 1-0

[Event "ICCopen2017"]
[Site "Internet Chess Club"]
[Date "2017.03.19"]
[Round "11"]
[White "Magagna"]
[Black "thxgg"]
[Result "0-1"]
[ICCResult "White checkmated"]
[WhiteElo "1641"]
[BlackElo "1888"]
[Opening "Dutch"]
[ECO "A80"]
[NIC "HD.12"]
[Time "21:14:01"]
[TimeControl "180+0"]

1. d4 f5 2. Nf3 Nf6 3. Bf4 g6 4. e3 Bg7 5. Nbd2 O-O 6. Bc4+ Kh8 7. O-O d6 8.
Re1 Nh5 9. Bg5 h6 10. Bh4 Qe8 11. c3 g5 12. Bg3 f4 13. exf4 Nxf4 14. Qb3 Nc6
15. Bb5 a6 16. Bxc6 bxc6 17. Ne4 e5 18. dxe5 dxe5 19. Nc5 Bg4 20. Bxf4 gxf4
21. Qc4 Bxf3 22. gxf3 Qh5 23. Qe4 Rg8 24. Kh1 Bf6 25. Nd3 Rg5 26. Qxc6 Rf8
27. Qc5 Qxf3# {White checkmated} 0-1

[Event "ICCopen2017"]
[Site "Internet Chess Club"]
[Date "2017.03.19"]
[Round "11"]
[White "ontheprowl"]
[Black "justinchess"]
[Result "0-1"]
[ICCResult "White resigns"]
[WhiteElo "1635"]
[BlackElo "2226"]
[Opening "Sicilian: Alapin's variation (2.c3)"]
[ECO "B22"]
[NIC "SI.46"]
[Time "21:14:26"]
[TimeControl "180+0"]

1. e4 c5 2. c3 d5 3. exd5 Qxd5 4. d4 Nf6 5. Nf3 e6 6. Na3 cxd4 7. Nb5 Na6 8.
Nbxd4 Bd7 9. Be3 Nc7 10. b3 Be7 11. Bc4 Qa5 12. O-O O-O 13. Qc2 Ncd5 14. b4
Nxe3 15. fxe3 Qc7 16. Bd3 Rac8 17. Rac1 h6 18. e4 Bd6 19. Rfe1 Ng4 20. h3
Ne5 21. Nxe5 Bxe5 22. Bb5 Bxd4+ 23. cxd4 Qxc2 24. Rxc2 Bxb5 25. Rd2 Rfd8 26.
Red1 Rc7 27. Kf2 Rcd7 28. Ke3 Kf8 29. d5 exd5 30. exd5 Rd6 31. Rd4 Ke7 32.
Ke4 Bd7 33. Ke5 Be6 34. dxe6 Rxd4 35. Rxd4 Rxd4 36. Kxd4 Kxe6 37. Ke4 f5+
38. Kf4 g5+ 39. Ke3 Ke5 40. g3 f4+ 41. gxf4+ gxf4+ 42. Kf3 Kf5 43. h4 h5 44.
a3 b5 45. Kf2 Ke4 46. Ke2 f3+ 47. Kf2 Kf4 48. Kf1 Ke3 49. Ke1 f2+ 50. Kf1
Kf3 51. a4 bxa4 52. b5 a3 53. b6 a2 {White resigns} 0-1

[Event "ICCopen2017"]
[Site "Internet Chess Club"]
[Date "2017.03.19"]
[Round "11"]
[White "lmenezes"]
[Black "moonriver"]
[Result "0-1"]
[ICCResult "White resigns"]
[WhiteElo "1535"]
[BlackElo "1383"]
[Opening "Queen's pawn, Mason variation"]
[ECO "D00"]
[NIC "QP.08"]
[Time "21:15:10"]
[TimeControl "180+0"]

1. d4 d5 2. Bf4 Nf6 3. e3 Nc6 4. c4 Bg4 5. f3 Bh5 6. Nc3 e6 7. Nb5 Bd6 8.
Nxd6+ cxd6 9. Qb3 Qd7 10. Qa3 e5 11. cxd5 Nxd5 12. Bg3 O-O 13. e4 Ndb4 14.
O-O-O Rfc8 15. Kb1 Nc2 16. Qd3 N2xd4 17. f4 Nb4 18. Qe3 Qa4 {White resigns}
0-1

[Event "ICCopen2017"]
[Site "Internet Chess Club"]
[Date "2017.03.19"]
[Round "11"]
[White "KH"]
[Black "GiantHulk"]
[Result "0-1"]
[ICCResult "White checkmated"]
[WhiteElo "2054"]
[BlackElo "2183"]
[Opening "Bird's opening"]
[ECO "A03"]
[NIC "VO.07"]
[Time "21:15:03"]
[TimeControl "180+0"]

1. f4 d5 2. Nf3 g6 3. e4 dxe4 4. Ng5 Qd4 5. Nc3 Nf6 6. Qe2 Nc6 7. Ncxe4 Nxe4
8. Nxe4 Bf5 9. Ng3 Bxc2 10. d3 Nb4 11. Be3 Qxb2 12. Rd1 Qc3+ 13. Rd2 Nxd3+
14. Qxd3 Bxd3 15. Bxd3 O-O-O 16. Ke2 Bg7 17. Ne4 Qa5 18. Rc1 Qh5+ 19. Kf2
Bd4 20. Be2 Bxe3+ 21. Kxe3 Qa5 22. Rdc2 c6 23. Nc5 Qa3+ 24. Rc3 Qxa2 25. Bf3
Qd2+ 26. Ke4 Qd4# {White checkmated} 0-1

[Event "ICCopen2017"]
[Site "Internet Chess Club"]
[Date "2017.03.19"]
[Round "11"]
[White "TheSid"]
[Black "A4-H5"]
[Result "1/2-1/2"]
[ICCResult "Game drawn by mutual agreement"]
[WhiteElo "1522"]
[BlackElo "1772"]
[Opening "Polish defense"]
[ECO "A40"]
[NIC "QO.17"]
[Time "21:14:13"]
[TimeControl "180+0"]

1. d4 b5 2. e4 Bb7 3. Bd3 f5 4. Qe2 Nf6 5. Nd2 a6 6. c3 e6 7. Ngf3 fxe4 8.
Nxe4 Be7 9. O-O O-O 10. Bf4 Nc6 11. Bg3 b4 12. c4 h6 13. Rfe1 Nxe4 14. Bxe4
Bf6 15. d5 Nd4 16. Nxd4 Bxd4 17. dxe6 Bxe4 18. Qxe4 Qf6 19. e7 Rfe8 20. Qxa8
Rxa8 21. e8=Q+ Rxe8 22. Rxe8+ Kf7 23. Rae1 Bxb2 24. R8e7+ Qxe7 25. Rxe7+
Kxe7 26. Bxc7 {Game drawn by mutual agreement} 1/2-1/2

[Event "ICCopen2017"]
[Site "Internet Chess Club"]
[Date "2017.03.19"]
[Round "11"]
[White "wmanthony"]
[Black "WoodPushkin"]
[Result "1-0"]
[ICCResult "Black resigns"]
[WhiteElo "1291"]
[BlackElo "1404"]
[Opening "Sicilian: Smith-Morra gambit"]
[ECO "B21"]
[NIC "SI.48"]
[Time "21:15:10"]
[TimeControl "180+0"]

1. e4 c5 2. d4 cxd4 3. c3 dxc3 4. Nxc3 e6 5. Nf3 Bb4 6. Bc4 d6 7. O-O Bxc3
8. bxc3 Nc6 9. Qa4 Qa5 10. Bb5 Qxa4 11. Bxa4 Bd7 12. Ba3 d5 13. exd5 exd5
14. Rfe1+ Nge7 15. Bxc6 bxc6 16. Rxe7+ Kd8 17. Rxf7 Rg8 18. Re1 Re8 19.
Rxe8+ Kxe8 20. Rxg7 Rb8 21. Rg8+ {Black resigns} 1-0

[Event "ICCopen2017"]
[Site "Internet Chess Club"]
[Date "2017.03.19"]
[Round "11"]
[White "fishbein"]
[Black "playwaycool"]
[Result "1-0"]
[ICCResult "Black resigns"]
[WhiteElo "2615"]
[BlackElo "2260"]
[Opening "Caro-Kann: closed (Breyer) variation"]
[ECO "B10"]
[NIC "CK.01"]
[Time "21:14:50"]
[TimeControl "180+0"]

1. e4 c6 2. d3 d5 3. Nd2 Nf6 4. Ngf3 dxe4 5. dxe4 Nbd7 6. Bc4 e6 7. O-O Be7
8. c3 O-O 9. Qc2 a5 10. a4 b6 11. Re1 e5 12. Nf1 g6 13. Bh6 Re8 14. Ng5 Nd5
15. Nxf7 Kxf7 16. exd5 Ba6 17. Bxa6 Rxa6 18. dxc6 Nc5 19. b4 axb4 20. cxb4
Qd3 21. Qa2+ Nb3 22. Rad1 Qc4 23. Ne3 Qe6 24. b5 Raa8 25. Nd5 Nc5 26. Qe2
Rxa4 27. Nc7 Qf5 28. Nxe8 Re4 29. Qa2+ Kxe8 30. Rxe4 Nxe4 31. Qg8+ Bf8 32.
Qxf8+ Qxf8 33. Bxf8 Kxf8 34. c7 {Black resigns} 1-0

[Event "ICCopen2017"]
[Site "Internet Chess Club"]
[Date "2017.03.19"]
[Round "11"]
[White "Theunrock"]
[Black "DavidXanatoss"]
[Result "1-0"]
[ICCResult "Black resigns"]
[WhiteElo "1673"]
[BlackElo "1557"]
[Opening "Robatsch (modern) defense"]
[ECO "B06"]
[NIC "KF.05"]
[Time "21:14:24"]
[TimeControl "180+0"]

1. e4 g6 2. d4 Bg7 3. Be3 d6 4. c4 Nc6 5. Nc3 Nh6 6. h3 f5 7. Qd2 Nf7 8. d5
Nce5 9. f4 Nd7 10. Nf3 O-O 11. g4 fxg4 12. hxg4 Nf6 13. f5 Nxg4 14. Bd4 e5
15. fxe6 Bxd4 16. exf7+ Rxf7 17. Nxd4 Rf2 18. Be2 Qf6 19. O-O-O Ne5 20. Qe3
Nxc4 21. Bxc4 Bg4 22. Rdf1 Rxf1+ 23. Rxf1 Qh4 24. Qf4 g5 25. Qf7+ Kh8 26.
Ne6 Bxe6 27. dxe6 g4 28. e7 Qg5+ 29. Kb1 Rg8 30. Qxg8+ Qxg8 31. Rf8
{Black resigns}
1-0

[Event "ICCopen2017"]
[Site "Internet Chess Club"]
[Date "2017.03.19"]
[Round "11"]
[White "e8thatcat"]
[Black "Revolutions"]
[Result "0-1"]
[ICCResult "White resigns"]
[WhiteElo "1446"]
[BlackElo "1802"]
[Opening "King's Indian: 6.Be2"]
[ECO "E91"]
[NIC "KI.19"]
[Time "21:14:45"]
[TimeControl "180+0"]

1. d4 Nf6 2. c4 g6 3. Nc3 Bg7 4. e4 O-O 5. Nf3 d6 6. Be2 Bg4 7. O-O c6 8.
Be3 Nbd7 9. Qd2 Re8 10. h3 Bxf3 11. Bxf3 e5 12. d5 cxd5 13. cxd5 a6 14. Rac1
Rc8 15. a3 b5 16. Ne2 Nb6 17. Rxc8 Nxc8 18. Rc1 Nb6 19. b3 Nbd7 20. Qc2 Qa5
21. Qb2 Nxd5 22. b4 Qd8 23. exd5 e4 24. Bd4 Bxd4 25. Nxd4 exf3 26. Nxf3 Ne5
27. Nxe5 Rxe5 28. Qd4 Qa8 29. Rc6 Qd8 30. Rxa6 Qf6 31. Ra8+ Kg7 32. f4 Re1+
{White resigns}
0-1

[Event "ICCopen2017"]
[Site "Internet Chess Club"]
[Date "2017.03.19"]
[Round "11"]
[White "F83"]
[Black "uggi"]
[Result "1/2-1/2"]
[ICCResult "Game drawn by repetition"]
[WhiteElo "1800"]
[BlackElo "1888"]
[Opening "Four knights: Scotch, 4...exd4"]
[ECO "C47"]
[NIC "KP.06"]
[Time "21:14:05"]
[TimeControl "180+0"]

1. e4 e5 2. Nf3 Nc6 3. Nc3 Nf6 4. d4 exd4 5. Nxd4 Bb4 6. Nxc6 bxc6 7. Bd3 d5
8. exd5 cxd5 9. O-O O-O 10. h3 c6 11. Qf3 Be6 12. Ne2 Re8 13. Bg5 Be7 14.
Nd4 Qd7 15. Nxe6 fxe6 16. Rfe1 c5 17. c4 h6 18. Bh4 Rf8 19. Qe2 Ne4 20. Bxe7
Qxe7 21. f3 Ng5 22. Qxe6+ Nxe6 23. cxd5 Qd6 24. Rxe6 Qxd5 25. Re3 Qd4 26.
Re1 Rfe8 27. Be4 Qxb2 28. Bd5+ Kf8 29. Bxa8 Rxe3 30. Rxe3 Qc1+ 31. Kf2 c4
32. Re2 c3 33. Be4 Qd1 34. Bg6 Qd4+ 35. Kf1 Qd1+ 36. Kf2 Qd4+ 37. Kf1 Qd1+
38. Kf2 Qd4+ {Game drawn by repetition} 1/2-1/2

[Event "ICCopen2017"]
[Site "Internet Chess Club"]
[Date "2017.03.19"]
[Round "11"]
[White "Ernie1"]
[Black "CaptEvans"]
[Result "0-1"]
[ICCResult "White resigns"]
[WhiteElo "1320"]
[BlackElo "1645"]
[Opening "Queen's Pawn"]
[ECO "A41"]
[NIC "QO.17"]
[Time "21:16:46"]
[TimeControl "180+0"]

1. d4 d6 2. Bg5 c6 3. Nf3 f6 4. Bf4 g6 5. h3 Nh6 6. Bxh6 Bxh6 7. e3 O-O 8.
Bd3 e5 9. c3 Be6 10. Qc2 Nd7 11. h4 d5 12. Bxg6 hxg6 13. Qxg6+ Bg7 14. Ng5
fxg5 15. Qxe6+ Rf7 16. hxg5 Qxg5 17. Nd2 exd4 18. Nf3 Qf6 19. Nxd4 Qxe6 20.
Nxe6 Re8 21. Nxg7 Kxg7 22. Ke2 Ref8 {White resigns} 0-1

[Event "ICCopen2017"]
[Site "Internet Chess Club"]
[Date "2017.03.19"]
[Round "11"]
[White "Mormegil"]
[Black "Guinicapo"]
[Result "0-1"]
[ICCResult "White resigns"]
[WhiteElo "1746"]
[BlackElo "1944"]
[Opening "King's Indian: fianchetto without c4"]
[ECO "A49"]
[NIC "QP.06"]
[Time "21:14:45"]
[TimeControl "180+0"]

1. Nf3 Nf6 2. d4 g6 3. g3 Bg7 4. Bg2 O-O 5. O-O c6 6. a4 a5 7. Nc3 d5 8. Re1
Bf5 9. Nh4 Nbd7 10. Nxf5 gxf5 11. Bf4 e6 12. Qd2 Ne4 13. Nxe4 fxe4 14. Bh6
Qf6 15. Bxg7 Qxg7 16. e3 f5 17. b3 e5 18. c3 f4 19. exf4 exf4 20. gxf4 Qg4
21. Qe3 Rxf4 22. Qg3 Raf8 23. Re3 Kh8 24. Qxg4 Rxg4 25. Rg3 Rgf4 26. Rf1 Nf6
27. h3 Nh5 28. Re3 Rg8 29. Kh2 Ng7 30. f3 Nf5 31. Re2 e3 32. Rg1 h5 33. Bh1
Rxg1 34. Kxg1 Kg7 35. Kh2 Kf6 36. h4 Rxh4+ 37. Kg2 Kg5 38. c4 Kf4 39. cxd5
cxd5 40. Rb2 Nxd4 41. b4 e2 42. Rb1 axb4 43. Rxb4 e1=Q 44. Rxd4+ Ke5 45.
Rxh4 Qxh4 {White resigns} 0-1

[Event "ICCopen2017"]
[Site "Internet Chess Club"]
[Date "2017.03.19"]
[Round "11"]
[White "tirandopiezas"]
[Black "MrWizard"]
[Result "1-0"]
[ICCResult "Black checkmated"]
[WhiteElo "1883"]
[BlackElo "1993"]
[Opening "Caro-Kann: two knights variation"]
[ECO "B11"]
[NIC "CK.01"]
[Time "21:15:21"]
[TimeControl "180+0"]

1. e4 c6 2. Nc3 d5 3. Nf3 Nf6 4. e5 Nfd7 5. d4 e6 6. Ne2 c5 7. c3 Nc6 8. Nf4
Be7 9. Bd3 Qb6 10. dxc5 Bxc5 11. Qe2 Qc7 12. Bb5 O-O 13. Nd3 Be7 14. O-O a6
15. Ba4 b5 16. Bc2 Nc5 17. Nxc5 Bxc5 18. a4 Bb7 19. Qd3 g6 20. Bh6 Rfe8 21.
Rae1 Bf8 22. Qd2 Ne7 23. Bxf8 Kxf8 24. Qh6+ Kg8 25. Ng5 Nf5 26. Bxf5 exf5
27. Qxh7+ Kf8 28. e6 Rec8 29. e7+ Ke8 30. Qxf7+ Kd7 31. e8=Q+ Kd6 32. Qe5+
Kc6 33. Qfe6+ Kc5 34. Qd4# {Black checkmated} 1-0

[Event "ICCopen2017"]
[Site "Internet Chess Club"]
[Date "2017.03.19"]
[Round "11"]
[White "starfiasch"]
[Black "Dewey"]
[Result "1/2-1/2"]
[ICCResult "Game drawn by mutual agreement"]
[WhiteElo "1527"]
[BlackElo "1413"]
[Opening "King's Indian: 5.Nf3"]
[ECO "E90"]
[NIC "KI.22"]
[Time "21:14:03"]
[TimeControl "180+0"]

1. Nf3 Nf6 2. c4 g6 3. Nc3 Bg7 4. e4 d6 5. d4 Bg4 6. Be2 Bxf3 7. Bxf3 e5 8.
Be3 O-O 9. O-O Nbd7 10. d5 c5 11. dxc6 bxc6 12. Qxd6 Qc8 13. Rfd1 Nb6 14.
Be2 Rd8 15. Qxd8+ Qxd8 16. Rxd8+ Rxd8 17. f3 Bf8 18. Kf2 c5 19. Nd5 Nfxd5
20. cxd5 Bd6 21. Rc1 Rc8 22. Ba6 Rc7 23. b3 Kf8 24. Ke2 Ke7 25. Kd3 f6 26.
a3 g5 27. b4 cxb4 28. Rxc7+ Bxc7 29. axb4 Kd6 30. Bc5+ Kd7 31. Bb5+ Kd8 32.
d6 Bb8 33. Bxb6+ axb6 34. Kc4 Bxd6 35. Bc6 Kc7 36. b5 Bc5 37. Kd5 Bg1 38. h3
Bh2 39. Ke6 Bf4 40. Kxf6 h5 41. Kf5 h4 42. Ke6 Bg3 43. Kf5 Bf4 44. Bd5 Kd6
45. Bc6 Kc5 46. Kg4 Kc4 47. Kf5 Kc5 48. Ke6 Bg3 49. Kd7 Bf4 50. Kc7 Bg3 51.
Bd7 Bf4 52. Bf5 Bg3 {Game drawn by mutual agreement} 1/2-1/2

[Event "ICCopen2017"]
[Site "Internet Chess Club"]
[Date "2017.03.19"]
[Round "11"]
[White "wagnerbi"]
[Black "kathmales"]
[Result "0-1"]
[ICCResult "White checkmated"]
[WhiteElo "1995"]
[BlackElo "2286"]
[Opening "Queen's pawn game, Darooha variation "]
[ECO "D02"]
[NIC "QP.09"]
[Time "21:14:45"]
[TimeControl "180+0"]

1. Nf3 d5 2. d4 Nf6 3. g3 c5 4. Bg2 cxd4 5. Nxd4 e5 6. Nb3 Nc6 7. O-O h6 8.
Nc3 Be6 9. e3 Be7 10. f4 exf4 11. gxf4 O-O 12. Nd4 Bg4 13. Qe1 Bc5 14. Qf2
Re8 15. Nce2 Bxe2 16. Nxe2 Ng4 17. Qg3 Nxe3 18. Bxe3 Rxe3 19. Qf2 Qe7 20.
Kh1 Rxe2 21. Qf3 Re8 22. Qxd5 Rd8 23. Qc4 Rdd2 24. Rg1 Bxg1 25. Rxg1 Re1 26.
Bf1 Qh4 27. h3 Rxf1 28. Qc3 Rxg1+ 29. Kxg1 Qe1# {White checkmated} 0-1

[Event "ICCopen2017"]
[Site "Internet Chess Club"]
[Date "2017.03.19"]
[Round "11"]
[White "skewerd"]
[Black "demchog97"]
[Result "0-1"]
[ICCResult "White resigns"]
[WhiteElo "1778"]
[BlackElo "1979"]
[Opening "Robatsch (modern) defense"]
[ECO "B07"]
[NIC "VO.17"]
[Time "21:15:34"]
[TimeControl "180+0"]

1. e4 d6 2. d4 g6 3. Nc3 Bg7 4. Be3 a6 5. Nf3 b5 6. a3 Bb7 7. Bd3 Nf6 8. h3
O-O 9. O-O Nbd7 10. Qd2 c5 11. Bh6 Qc7 12. Bxg7 Kxg7 13. d5 e6 14. dxe6 fxe6
15. Ng5 Rae8 16. f4 h6 17. e5 dxe5 18. fxe5 Nxe5 19. Rxf6 Rxf6 20. Nge4 Rf7
21. Re1 c4 22. Bf1 Ref8 23. Qe3 Rf5 24. Ng3 Nf3+ 25. Kh1 Qxg3 26. gxf3 Bxf3+
{White resigns}
0-1